 Dungeon Crawl Stone Soup version 0.19.0-19-g8c6edcc (webtiles) character file.

546 Remedyn the Shield-Bearer (level 7, -17/55 HPs)
             Began as a Formicid Fighter on Nov 14, 2016.
             Killed by an exploding ball lightning (21 damage)
             ... created by the player character
             ... on level 10 of the Dungeon.
             The game lasted 00:24:36 (3607 turns).

Remedyn the Shield-Bearer (Formicid Fighter)        Turns: 3607, Time: 00:24:44

Health: -17/55     AC:  5    Str: 23    XL:     7   Next: 53%
Magic:  7/7        EV:  9    Int:  9    God:    Xom [....*.]
Gold:   243        SH: 11    Dex: 10    Spells: 0 memorised, 6 levels left

rFire  + . .     SeeInvis +     a - +0 war axe
rCold  . . .     Gourm    .     b - +0 scale mail
rNeg   . . .     Faith    .     c - +1 shield
rPois  .         Spirit   .     (helmet unavailable)
rElec  .         Reflect  .     (no cloak)
rCorr  .         Harm     .     j - +0 pair of gloves
MR     .....                    (no boots)
Stlth  ..........               o - amulet of inaccuracy
                                t - ring of flight
                                f - ring of protection from fire

@: no status effects
A: permanent stasis, dig shafts and tunnels, four strong arms, antennae 3,
clever 1, deformed body, slow regeneration 1
a: Dig, Shaft Self, Renounce Religion, Evoke Flight


You were on level 10 of the Dungeon.
You worshipped Xom.
You were a beloved toy of Xom.
You were not hungry.

You visited 2 branches of the dungeon, and saw 8 of its levels.

You collected 243 gold pieces.

Inventory:

Hand Weapons
 a - a +0 war axe (weapon)
 g - a +0 hunting sling
 s - a +0 dagger
Missiles
 h - 16 bolts
 i - 130 stones (quivered)
 y - 24 sling bullets
Armour
 b - a +0 scale mail (worn)
 c - a +1 shield (worn)
 j - a +0 pair of gloves (worn)
 m - a +0 leather armour
 r - a +0 pair of gloves
 x - a cursed +0 ring mail
Jewellery
 f - a ring of protection from fire (left hand)
 o - an amulet of inaccuracy (around neck)
 t - a ring of flight (right hand)
 E - a cursed -3 ring of dexterity {unknown}
Scrolls
 e - a scroll of identify
 u - a scroll of magic mapping
 C - a scroll of random uselessness
Potions
 d - 2 potions of might
 k - a potion of lignification
 l - 2 potions of degeneration {unknown}
 n - a potion of flight {unknown}
 p - 4 potions of curing {unknown}
 q - 2 potions of heal wounds
 v - a potion of mutation {unknown}
 w - a potion of agility {unknown}
 z - 2 potions of cancellation {unknown}
 B - a potion of haste {unknown}
Comestibles
 A - a meat ration
 D - a beef jerky


   Skills:
 + Level 4.3 Fighting
 + Level 4.2 Axes
 + Level 4.9 Armour
 + Level 2.0 Dodging
 + Level 1.3 Stealth
 + Level 5.9 Shields


You had 6 spell levels left.
You didn't know any spells.

Dungeon Overview and Level Annotations

Branches:
Dungeon (7/15)             Temple (1/1) D:7

Altars:
Ashenzari
Cheibriados
Dithmenos
Elyvilon
Fedhas
Hepliaklqana
Kikubaaqudgha
Nemelex Xobeh
Okawaru
Qazlal
Ru
Sif Muna
Trog
Uskayaw
Xom
Yredelemnul
The Shining One

Annotations:
D:3 Robin
D:4 Drunkenshrew's ghost, amateur HEFi


Innate Abilities, Weirdness & Mutations

You are under a permanent stasis effect.
You can dig through walls and to a lower floor.
Your four strong arms can wield two-handed weapons with a shield.
You have a pair of large antennae on your head. (SInv)
Your mind is acute. (Int +2)
Armour fits poorly on your strangely shaped body.
You regenerate slowly when monsters are visible.


Message History

You hit the human.
The human is moderately wounded.
The human hits you with a rapier. The human hits you with a rapier!
Xom's power flows through you!
You create some ball lightning!
You are now a beloved toy of Xom.
Your ball lightning explodes!
The blast of lightning engulfs your ball lightning.
Your ball lightning completely resists.
The blast of lightning engulfs you!
* * * LOW HITPOINT WARNING * * *
The blast of lightning engulfs the human.
The human is almost dead.
Your ball lightning explodes!
The blast of lightning engulfs the human.
You kill the human!
Your Dodging skill increases to level 2!
The blast of lightning engulfs you!
You die...
Xom guffaws!

.... #..# ####..#
#######
#..#..####.#.#$#
#.......##.#.#.#
#..........).#.#+#
#[.........#.....%
####..........#.#.#.%
####............@###
#.....#............#
...####............#
#### #............# #
##..........##
##..........#
##....>..#..#
##.....###..


There were no monsters in sight!

Vanquished Creatures
  A human (D:10)
  An orc warrior (D:10)
  An ogre (D:7)
  A water moccasin zombie (D:10)
  A bullfrog zombie (D:7)
  A worker ant (D:4)
  An adder (D:3)
  2 river rats (D:5)
  An ooze (D:1)
  A worm (D:2)
  5 leopard geckos
  4 orcs
  A giant cockroach (D:1)
  12 goblins
  4 hobgoblins
  4 jackals (D:1)
  7 kobolds
  2 quokkas
  4 bats
  7 frilled lizards
  15 rats
76 creatures vanquished.

Vanquished Creatures (collateral kills)
  A crimson imp (D:4)
  2 rats (D:5)
3 creatures vanquished.

Vanquished Creatures (others)
  A ball lightning (D:10)
  An orc (D:5)
2 creatures vanquished.

Grand Total: 81 creatures vanquished

Notes
Turn   | Place    | Note
-------+----------+-------------------------------------------
     0 | D:1      | Remedyn the Formicid Fighter began the quest for the Orb.
     0 | D:1      | Reached XP level 1. HP: 18/18 MP: 1/1
   116 | D:1      | Reached XP level 2. HP: 20/24 MP: 2/2
   119 | D:1      | Reached skill level 4 in Shields
   362 | D:1      | Reached XP level 3. HP: 20/29 MP: 3/3
   976 | D:2      | Found a shimmering altar of Xom.
  1002 | D:2      | Became a worshipper of Xom of Chaos
  1015 | D:2      | XOM: silly message
  1021 | D:2      | You fall through a shaft!
  1136 | D:3      | Reached XP level 4. HP: 35/36 MP: 4/4
  1201 | D:3      | XOM: divination: magic mapping
  1252 | D:3      | XOM: harmless Ice miscast
  1892 | D:3      | Noticed Robin
  1900 | D:3      | XOM: potion effect (curing)
  1913 | D:3      | You fall through a shaft for 2 floors!
  1913 | D:5      | Entered Level 5 of the Dungeon
  1927 | D:5      | XOM: divination: magic mapping
  1935 | D:4      | XOM: cast spell 'Confusing Touch'
  1940 | D:4      | Reached skill level 1 in Dodging
  1940 | D:4      | Reached XP level 5. HP: 13/42 MP: 5/5
  1968 | D:4      | XOM: summons 2 friendly demons
  2048 | D:4      | Noticed Drunkenshrew's ghost (amateur HEFi)
  2051 | D:4      | You fall through a shaft!
  2075 | D:5      | XOM: enchant monster (good)
  2551 | D:5      | XOM: harmless Pois miscast
  2555 | D:5      | XOM: give mutations
  2555 | D:5      | Gained mutation: Your mind is acute. (Int +2) [Xom's mischief]
  2555 | D:5      | Gained mutation: You regenerate slowly when monsters are visible. [Xom's mischief]
  2555 | D:5      | Gained mutation: Armour fits poorly on your strangely shaped body. [Xom's mischief]
  2829 | D:5      | XOM: stat loss: -1 Int (8/9)
  2941 | D:5      | XOM: smoke on damage
  2966 | D:5      | XOM: silly message
  2982 | D:5      | XOM: destruction
  3001 | D:5      | You fall through a shaft for 2 floors!
  3001 | D:7      | Found a staircase to the Ecumenical Temple.
  3004 | D:7      | Noticed an ogre
  3006 | Temple   | Entered the Ecumenical Temple
  3280 | D:7      | Killed an ogre
  3280 | D:7      | Reached skill level 5 in Shields
  3280 | D:7      | Reached XP level 6. HP: 48/48 MP: 6/6
  3308 | D:7      | XOM: blink monster(s)
  3313 | D:7      | Noticed an ogre
  3316 | D:7      | You fall through a shaft for 3 floors!
  3316 | D:10     | Entered Level 10 of the Dungeon
  3316 | D:10     | Noticed an orc warrior
  3324 | D:10     | XOM: confusion
  3325 | D:10     | XOM: cast spell 'Ring of Flames'
  3329 | D:10     | XOM: confuse monster(s)
  3331 | D:10     | XOM: cast spell 'Monstrous Menagerie'
  3335 | D:10     | Killed an orc warrior
  3335 | D:10     | Reached skill level 1 in Stealth
  3335 | D:10     | Reached XP level 7. HP: 20/54 MP: 7/7
  3456 | D:10     | XOM: noise
  3596 | D:10     | Noticed a human
  3604 | D:10     | XOM: harmless Air miscast
  3606 | D:10     | XOM: cast spell 'Conjure Ball Lightning'
  3607 | D:10     | Killed a human
  3607 | D:10     | Killed by an exploding ball lightning

Skill      XL: |  1  2  3  4  5  6  7 |
---------------+----------------------+-----
Shields        | 4 5 |  5.9
Armour         | 4 |  4.9
Dodging        | 1 2 |  2.0
Axes           | 3 4 |  4.2
Fighting       | 4 |  4.3
Stealth        | 1 |  1.3

Action                   |  1- 3 |  4- 6 |  7- 9 || total
-------------------------+-------+-------+-------++-------
Melee: War axe           |   207 |   209 |     8 ||   424
Throw: Stone             |     1 |       |       ||     1
 Abil: Dig               |     1 |       |       ||     1
       Shaft Self        |       |     4 |       ||     4
  Use: Scroll            |     3 |     4 |     1 ||     8
 Stab: Confused          |       |     1 |       ||     1
  Eat: Bread ration      |       |     2 |       ||     2
       Chunk             |       |     2 |       ||     2
Armor: Scale mail        |   124 |   106 |     1 ||   231
Dodge: Dodged            |    95 |    85 |     1 ||   181
Block: Shield            |   152 |   163 |     4 ||   319
